[Event "*** SCC Grand Prix: Titled Tuesday Blitz"]
[Site "Chess.com"]
[Date "2020.07.21"]
[Round "2"]
[White "KaterynaLagno"]
[Black "ChessicallyInclined"]
[Result "1-0"]
[WhiteElo "2739"]
[BlackElo "2499"]
[TimeControl "180+1"]
[EndTime "10:19:39 PDT"]
[Termination "KaterynaLagno won by resignation"]

1. e4 c5 2. Nf3 Nc6 3. d4 cxd4 4. Nxd4 Nf6 5. Nc3 e5 6. Ndb5 d6 7. Bg5 a6 8. Na3 b5 9. Nd5 Be7 10. Bxf6 Bxf6 11. c3 O-O 12. Be2 Bg5 13. O-O Ne7 14. Nc2 Nxd5 15. Qxd5 Be6 16. Qd3 d5 17. Rfd1 dxe4 18.
Qxe4 Qc7 19. Nb4 Rfe8 20. Nd5 Qa7 21. Bg4 Rad8 22. Bxe6 Rxe6 23. h4 Be7 24. a4 bxa4 25.
Rxa4 g6 26. Nxe7+ Qxe7 27. Rda1 Rd2 28. b4 Qa7 29. Qe1 Red6 30. b5 Qd7 31. Qxe5 Rd1+ 32. Kh2 Qxb5 33. Qe3 Rxa1 34. Rxa1 Re6 35. Qd4 Qc6 36.
Rb1 Qc7+ 37. g3 Re8 38. c4 Rc8 39. Rc1 Qc5 40. Qd2 a5 41. Kg2 h5 42. Qa2 Rc6 43.
Qa4 Rf6 44. Rc2 Rf5 45. Rb2 Qd4 46. Qe8+ Kg7 47. Qe2 Re5 48. Qc2 Qe4+ 49. Qxe4 Rxe4 50. Rc2 Re6 51. c5 Rc6 52. Kf3 Kf6 53. Ke4 Ke6 54. Kd4 a4 55. Ra2 Ra6 56. Kc4 a3 57. Kb5 Ra8 58. Kb6 Kd7 59. c6+ Kc8 60. Re2 Rb8+ 61.
Kc5 Rb2 62. Re8+ Kc7 63. Re7+ Kc8 64. Ra7 a2 65. Kd6 Rd2+ 66. Ke7 Rxf2 67. Kd6 Rd2+ 68. Ke5 Re2+ 69. Kf6 Rf2+ 70. Ke5 Re2+ 71. Kd6 Rd2+ 72. Ke7 Re2+ 73. Kxf7 Rg2 74. Kxg6 Rxg3+ 75. Kxh5 Rg2 76.
Kh6 Rg1 77. Rxa2 Kc7 78. Rc2 Rg4 79. h5 Rg3 80. Kh7 Rg1 81. h6 Rg5 82. Kh8 Rg6 83. h7 Rg1 84. Rf2 Kxc6 85. Rf8 Kd7 86. Rg8 Rh1 87.
Kg7 Rg1+ 88. Kf6 Rf1+ 89. Ke5 1-0

[Event "*** SCC Grand Prix: Titled Tuesday Blitz"]
[Site "Chess.com"]
[Date "2020.07.21"]
[Round "2"]
[White "TotsukaBlade"]
[Black "chito89"]
[Result "1/2-1/2"]
[WhiteElo "2359"]
[BlackElo "2767"]
[TimeControl "180+1"]
[EndTime "10:19:40 PDT"]
[Termination "Game drawn by repetition"]

1. e4 c5 2. Nf3 e6 3. c3 Nf6 4.
e5 Nd5 5. d4 cxd4 6. cxd4 d6 7.
Bc4 Nc6 8. O-O Nb6 9. Bb3 dxe5 10. dxe5 Qxd1 11. Rxd1 Bd7 12. Nc3 Na5 13. Bc2 Rc8 14.
Be4 Bb4 15. Ne2 Bc6 16. Bxc6+ Nxc6 17. a3 Be7 18. Ned4 a6 19. Bf4 Nd5 20. Bg3 O-O 21. Rac1 Na5 22. Nd2 Bg5 23. Rxc8 Rxc8 24. Ne4 Rc1 25.
Rxc1 Bxc1 26. b4 Nc6 27. Nxc6 bxc6 28. Nc5 Bxa3 29. Nxa6 Nxb4 30. Nxb4 Bxb4 31. Bf4 Bc3 32. Kf1 Bd4 33. Ke2 Kf8 34. f3 Ke7 35. Kd3 Bb2 36. Kc4 Kd7 37. Kc5 Kc7 38. Bg3 Bc1 39. h3 Be3+ 40. Kc4 Kb6 41. Be1 c5 42. Bc3 g5 43. Bb2 h5 44. Bc3 h4 45. Bb2 Ka5 46. Ba3 Bd4 47. Bxc5 Bxe5 48. Be7 f6 49. Kd3 Kb5 50.
Ke4 Kc4 51. Bd8 Kc3 52. Ke3 Kc2 53. Ke2 Bd4 54. Be7 Kc3 55. Bd8 Kc4 56. Be7 Kd5 57. Kd3 Ba1 58. Bd8 Ke5 59. Bc7+ Kf5 60. Ke3 Be5 61.
Ba5 Bd6 62. Bb6 Bh2 63. Bd8 Bg1+ 64. Ke2 Bd4 65. Bc7 e5 66. Bd8 Bc5 67. Kf1 Ke6 68.
Ke2 Be7 69. Ba5 f5 70. Bd2 Kd5 71. Kd3 e4+ 72. fxe4+ fxe4+ 73. Ke2 Bf6 74. Be3 Ke5 75. Bc1 Kf5 76. Ke3 Be5 77. Ke2 Bd6 78. Bb2 Be5 79. Bc1 Bf4 80. Ba3 Be5 81. Bc1 1/2-1/2

[Event "*** SCC Grand Prix: Titled Tuesday Blitz"]
[Site "Chess.com"]
[Date "2020.07.21"]
[Round "2"]
[White "promen1999"]
[Black "AldokhinIvan"]
[Result "0-1"]
[WhiteElo "2825"]
[BlackElo "2572"]
[TimeControl "180+1"]
[EndTime "10:19:45 PDT"]
[Termination "AldokhinIvan won by checkmate"]

1. d4 Nf6 2. c4 g6 3. Nc3 Bg7 4. e4 d6 5. h3 O-O 6. Be3 Nc6 7.
d5 Nb4 8. a3 Na6 9. Nf3 Re8 10.
Bd3 e6 11. O-O exd5 12. cxd5 Nc5 13. Bb5 Ncd7 14. Qc2 a6 15. Bc4 Ne5 16. Nxe5 Rxe5 17. Rae1 Nh5 18. Bd4 Rg5 19. Be3 Bxh3 20. Bxg5 Qxg5 21.
g3 Bxf1 22. Bxf1 Nxg3 23. Bg2 Nh5 24. Ne2 Rc8 25. Kf1 c5 26. Qb3 b5 27. a4 c4 28. Qb4 bxa4 29. Qxd6 Bxb2 30. Qxa6 Qd8 31. Qxa4 Be5 32. Bh3 Rc7 33. Rc1 c3 34. Qa5 Qf6 35. Rc2 Qf3 36. Bg2 Qd3 37. Rc1 Nf4 38. d6 Nxe2 39.
dxc7 Nxc1+ 40. Kg1 Qd1+ 41. Bf1 Qg4+ 42. Bg2 Qd1+ 43.
Bf1 Ne2+ 44. Kg2 Nf4+ 45. Kh2 Qh5+ 46. Kg1 Qg4+ 47. Kh1 Qh4+ 48. Kg1 Qg4+ 49. Kh1 Bxc7 50. Qxc7 Qf3+ 51. Kg1 Ne6 52. Qc8+ Kg7 53. Qc4 Qg4+ 54. Kh2 Qf4+ 55. Kg1 Qe5 56. Bd3 Nf4 57. Kf1 Qg5 58.
Qxc3+ Qf6 59. e5 Qg5 60. Be4 Ne6 61. Bf3 Qf4 62. Kg2 Qg5+ 63. Kf1 Qf5 64. Bd5 Qb1+ 65.
Qe1 Qxe1+ 66. Kxe1 Nf4 67. Bc4 g5 68. Kd2 Kg6 69.
Ke3 h5 70. Kf3 Ne6 71. Bd3+ Kh6 72. Bc4 g4+ 73. Kg3 Kg5 74. f4+ Nxf4 75. Bxf7 h4+ 76. Kf2 g3+ 77. Kf3 g2 78. Kf2 h3 79. Kg1 Ne2+ 80. Kf2 g1=Q+ 81. Kxe2 Qg2+ 82. Ke3 Qg3+ 83. Kd4 Qf4+ 84. Kd5 Qxf7+ 85. e6 Qe7 86. Ke5 h2 87.
Kd5 h1=Q+ 88. Kc4 Qc1+ 89. Kb5 Qcc5+ 90. Ka4 Qea7+ 91. Kb3 Qaa3# 0-1

[Event "*** SCC Grand Prix: Titled Tuesday Blitz"]
[Site "Chess.com"]
[Date "2020.07.21"]
[Round "2"]
[White "Crazy_girl99"]
[Black "Virgo15"]
[Result "1-0"]
[WhiteElo "2486"]
[BlackElo "2677"]
[TimeControl "180+1"]
[EndTime "10:19:49 PDT"]
[Termination "Crazy_girl99 won by checkmate"]

1. e4 e6 2. d4 d5 3. Nd2 Nc6 4. Ngf3 Nf6 5. e5 Nd7 6. Bb5 a6 7. Bxc6 bxc6 8. O-O Be7 9. Re1 O-O 10. c3 c5 11. Nf1 cxd4 12. cxd4 c5 13. Ng3 a5 14.
Bf4 Ba6 15. Rc1 Rb8 16. Qd2 c4 17. a3 Qb6 18. Rc2 Bb5 19. Rb1 Ba4 20. Rcc1 Rfc8 21. h4 Qb3 22. Qxa5 Qb5 23. Qd2 Bb3 24. h5 Ba2 25. Ra1 Qxb2 26. Rxa2 Qxd2 27. Bxd2 Rb3 28. Rc3 Rb1+ 29. Kh2 Nb6 30. a4 Bb4 31. Rc1 Rxc1 32.
Bxc1 Ra8 33. a5 Rxa5 34. Rxa5 Bxa5 35. Ne2 Na4 36. g4 f6 37. Kg3 Kf7 38. Kf4 h6 39. Ke3 Ke7 40. Ba3+ Kf7 41. Nf4 Nc3 42. exf6 gxf6 43.
Nh4 Ne4 44. Ne2 Bd2+ 45. Kf3 Ng5+ 46. Kg2 Ne4 47. Bc1 c3 48. Nf3 Ke7 49. Ba3+ Kd7 50. Kf1 Kc6 51. Nc1 Kb5 52. Ke2 Bf4 53. Nd3 Bg5 54.
Bc1 Bxc1 55. Nxc1 Kc4 56. Nd3 c2 57. Nfe1 Kc3 58. Nc1 Kb2 59. Ned3+ Kc3 60. Na2+ Kb3 61. Nac1+ Kc3 62. f3 Kxd4 63. Na2 Nc3+ 64. Nxc3 Kxc3 65. f4 e5 66. fxe5 fxe5 67. Nc1 e4 68. g5 d4 69.
gxh6 d3+ 70. Ke3 d2 71. Ne2+ Kb2 72. h7 d1=Q 73. h8=Q+ Kb1 74. Qb8+ Ka2 75. Qa7+ Kb3 76. Qb6+ Kc4 77. Qc6+ Kb4 78. Qc3+ Ka4 79. Qd2 Kb3 80. Qc3+ Ka4 81. h6 Qh1 82. Qc4+ Ka3 83. Qxe4 Qf3+ 84.
Qxf3 c1=Q+ 85. Nxc1 Kb2 86. Ne2 Kc2 87. h7 Kd1 88. h8=Q Kc2 89. Qc3+ Kb1 90. Qf1+ Ka2 91. Qfa1# 1-0

[Event "*** SCC Grand Prix: Titled Tuesday Blitz"]
[Site "Chess.com"]
[Date "2020.07.21"]
[Round "2"]
[White "OhanyanEminChess"]
[Black "Sacbutt"]
[Result "1/2-1/2"]
[WhiteElo "2467"]
[BlackElo "2268"]
[TimeControl "180+1"]
[EndTime "10:20:00 PDT"]
[Termination "Game drawn - insufficient material"]

1. e4 d5 2. exd5 Qxd5 3. Nf3 Nf6 4. d4 Bg4 5. Be2 c6 6. c4 Qa5+ 7. Nc3 e6 8. Be3 Bd6 9. h3 Bh5 10. O-O O-O 11. a3 Qc7 12. Qc2 Bg6 13. Bd3 Bxd3 14. Qxd3 Nbd7 15. Ne4 Nxe4 16. Qxe4 Nf6 17. Qc2 Bf4 18.
Rad1 Rad8 19. Qc1 Bxe3 20. Qxe3 b5 21. b3 Qa5 22. Ne5 Rc8 23. Qf3 bxc4 24. Nxc6 Qc7 25.
Ne5 cxb3 26. Qxb3 Qc3 27. Qa4 Nd5 28. Qxa7 Ra8 29. Qc5 Qxa3 30. Qxa3 Rxa3 31. Ra1 Rfa8 32. Rxa3 Rxa3 33. Rc1 g6 34. g3 Ra4 35. Nf3 Kg7 36.
h4 h5 37. Kg2 Kf6 38. Rc2 Ne7 39. Re2 Nf5 40. Rd2 Ra5 41. Ne5 Rd5 42. Nf3 Ke7 43. Ra2 Nxd4 44. Ra7+ Ke8 45. Ng5 Rf5 46. Ne4 Nc6 47. Nd6+ Kf8 48. Ra8+ Kg7 49. Nxf5+ exf5 50. Rc8 Ne5 51. f4 Ng4 52. Kf3 Nf6 53. Rc1 Ng4 54.
Ra1 Nf6 55. Ra3 Ne4 56. Ke2 Kf6 57. Ra6+ Kg7 58. Ra3 Kf6 59. Re3 Kg7 60. Kd3 Nf6 61. Kd4 Ng4 62. Ra3 Nf6 63. Ke5 Ne4 64. Re3 Kf8 65.
Rb3 Kg7 66. Ra3 Kf8 67. Kd4 Kg7 68. Kc4 Kf6 69. Kd5 Kg7 70. Kc6 Kf6 71. Kd7 Kg7 72. Ke7 Nf6 73. Ra7 Nd5+ 74. Ke8 Nf6+ 75. Kd8 Ne4 76. Ke7 Nxg3 77. Ke8 Ne2 78. Rxf7+ Kh6 79.
Kf8 Nxf4 80. Kg8 g5 81. Rf6+ Ng6 82. Rf7 gxh4 83. Rxf5 h3 84. Rf1 Kg5 85. Rh1 Kh4 86.
Kg7 Ne5 87. Kf6 Ng4+ 88. Kf5 Kg3 89. Kg5 h4 90. Rg1+ Kf3 91. Rxg4 h2 92. Rxh4 Kg2 93. Rg4+ Kf2 94. Rh4 Kg2 95. Kg4 h1=Q 96. Rxh1 Kxh1 1/2-1/2

[Event "*** SCC Grand Prix: Titled Tuesday Blitz"]
[Site "Chess.com"]
[Date "2020.07.21"]
[Round "2"]
[White "Tooweak2slow03"]
[Black "Stormeman100100"]
[Result "1-0"]
[WhiteElo "2690"]
[BlackElo "2464"]
[TimeControl "180+1"]
[EndTime "10:20:15 PDT"]
[Termination "Tooweak2slow03 won by resignation"]

1. e4 c5 2. Nf3 d6 3. d4 cxd4 4.
Nxd4 Nf6 5. Nc3 Nc6 6. Be3 Ng4 7. Bb5 Nxe3 8. fxe3 Bd7 9. O-O e6 10. Bxc6 bxc6 11.
Qf3 Qf6 12. Qe2 Qg6 13. Qa6 Be7 14. Nxc6 Bg5 15. Rf3 O-O 16. Raf1 Qh6 17. Nd1 Rac8 18. Nb4 e5 19. c3 Bg4 20. Rg3 Bxd1 21. Rxd1 Bxe3+ 22. Kh1 Bf4 23. Rh3 Qg6 24. Nd5 Rce8 25. Qb7 Kh8 26. Ne7 Qg4 27. Rf3 Rb8 28. Qxa7 Rxb2 29.
Qg1 Ra8 30. Rxd6 h6 31. h3 Qg5 32. Nd5 Raxa2 33. g3 Qh5 34. g4 Qh4 35. Nxf4 Rh2+ 36. Qxh2 Rxh2+ 37. Kxh2 exf4 38. Rxf4 Qe1 39. Rxf7 Qxe4 40.
Rd2 Qe5+ 41. Kg2 Qe4+ 42. Rf3 Kh7 43. Rf2 Qc4 44. Kg3 Qc5 45. Re2 Qc7+ 46. Kg2 Qc4 47. Rff2 Qc6+ 48. Kg3 Qc4 49. Re3 Qc7+ 50. Rf4 Qc5 51.
Kf3 Qc6+ 52. Rfe4 Qf6+ 53. Ke2 Qa6+ 54. c4 Qa2+ 55. Kd3 Qb1+ 56. Kd4 Qd1+ 57. Ke5 Qd7 58. c5 Qe7+ 59. Kd5 Qd7+ 60. Kc4 Qa4+ 61. Kd3 Qd1+ 62. Kc3 Qc1+ 63. Kd4 Qd2+ 64. Rd3 Qb4+ 65. Kd5 Qb7+ 66. c6 Qc7 67. Rc4 Kg6 68. Rdd4 Kg5 69. Ke4 Kh4 70. Rd7 Qc8 71. c7 Kxh3 72. Rd8 Qe6+ 73. Kd4 Qf6+ 74. Kd3 Qf1+ 75. Kc3 Qc1+ 76. Kb4 Qb2+ 77. Kc5 Qe5+ 78. Kc6 Qe6+ 79. Kb5 Qe5+ 80.
Rc5 Qb2+ 81. Kc6 Qf6+ 82. Kb7 Qf3+ 83. Ka6 Qa3+ 84. Kb6 Qb3+ 85. Rb5 Qe3+ 86. Kb7 Qe4+ 87. Kb8 Qf4 88. Rb6 Kxg4 89. Rbd6 Qb4+ 90. Ka7 Qa4+ 91. Kb7 Qb4+ 92. Kc8 h5 93. Kd7 Kh4 94. c8=Q Qa4+ 95.
Qc6 Qg4+ 96. Kc7 Qa4 97. Qxa4+ 1-0

[Event "*** SCC Grand Prix: Titled Tuesday Blitz"]
[Site "Chess.com"]
[Date "2020.07.21"]
[Round "2"]
[White "warmoatmeal"]
[Black "Joseacorrea"]
[Result "1/2-1/2"]
[WhiteElo "2357"]
[BlackElo "1972"]
[TimeControl "180+1"]
[EndTime "10:20:23 PDT"]
[Termination "Game drawn by 50-move rule"]

1. Nf3 d5 2. d4 e6 3. Bg5 Be7 4. Bxe7 Qxe7 5. e3 f5 6. c3 Nf6 7. Ne5 O-O 8. Nd2 Nbd7 9. Ndf3 Ne4 10. Nxd7 Bxd7 11. Ne5 c5 12. Bd3 c4 13. Bxe4 fxe4 14. Qg4 Rf6 15. O-O Raf8 16. f3 exf3 17. Rxf3 Rxf3 18.
gxf3 Rf6 19. Kh1 Be8 20. Rg1 Bg6 21. Nxg6 Rxg6 22. Qf4 Rf6 23. Qb8+ Rf8 24. Qg3 Qf7 25.
f4 b5 26. a3 a5 27. Qg5 Qf6 28. h4 Qxg5 29. Rxg5 b4 30. axb4 axb4 31. cxb4 Rb8 32.
Re5 Rxb4 33. Rxe6 Rxb2 34. Rc6 Re2 35. Rc5 Rxe3 36. Rxd5 c3 37. Rc5 Rd3 38. d5 c2 39.
Rxc2 Rxd5 40. Kg2 Rd3 41. Rc5 Kf7 42. h5 Kf6 43. Rc7 h6 44. Rc6+ Kf5 45. Rg6 Kxf4 46. Rxg7 Rd2+ 47. Kh3 Rd5 48. Kh4 Rd1 49. Rf7+ Ke5 50.
Rh7 Kf4 51. Rf7+ Ke5 52. Kg3 Rh1 53. Kg4 Rg1+ 54. Kh4 Rh1+ 55. Kg4 Rg1+ 56. Kh3 Rg5 57. Rh7 Rxh5+ 58. Kg4 Rg5+ 59. Kh4 Kf4 60. Rxh6 Rf5 61. Rg6 Kf3 62. Rg3+ Kf4 63. Rg4+ Ke5 64. Rg1 Kf6 65.
Re1 Rf4+ 66. Kg3 Rf5 67. Ra1 Rg5+ 68. Kf4 Rf5+ 69. Kg4 Rg5+ 70. Kh4 Rf5 71. Ra6+ Ke5 72. Kg4 Rf4+ 73. Kg3 Rd4 74. Rh6 Rd3+ 75. Kf2 Ke4 76. Ke2 Rb3 77. Rh4+ Kd5 78. Rh5+ Ke4 79. Kd2 Kd4 80. Kc2 Rg3 81. Rh4+ Ke5 82. Rh8 Kf4 83. Kd2 Ke5 84. Ke2 Rg4 85. Kf3 Rb4 86. Rh5+ Kf6 87.
Rh7 Kg6 88. Rc7 Kf6 89. Rc6+ Ke5 90. Ke3 Kd5 91. Rh6 Rb3+ 92. Kf4 Rb4+ 93. Kg3 Rb3+ 94. Kg4 Rb4+ 95. Kg5 Rb1 96. Rh8 Rg1+ 97. Kf6 Rf1+ 98. Ke7 Re1+ 99. Kd7 Rf1 100. Rh5+ Ke4 101. Ke6 Rb1 102. Rh4+ Kf3 103. Kd5 Rb5+ 104. Kc4 Rb1 105. Rd4 Ke3 106. Rd3+ Ke4 107. Rd4+ Ke5 108. Rd5+ Ke4 109. Rd2 Ke3 110. Rd8 1/2-1/2

[Event "*** SCC Grand Prix: Titled Tuesday Blitz"]
[Site "Chess.com"]
[Date "2020.07.21"]
[Round "3"]
[White "ApacheSVD"]
[Black "winniethepooh04"]
[Result "1-0"]
[WhiteElo "2363"]
[BlackElo "2132"]
[TimeControl "180+1"]
[EndTime "10:22:27 PDT"]
[Termination "ApacheSVD won by resignation"]

1. e4 c5 2. Nf3 d6 3. d4 cxd4 4. Nxd4 Nf6 5. Nc3 a6 6. Qf3 Qc7 7. h3 Nc6 8. Nxc6 bxc6 9. g4 e5 10. Bc4 Be7 11. g5 d5 12. gxf6 dxc4 13. fxe7 Qxe7 14.
Rg1 g6 15. Bg5 Qb4 16. Qf6 1-0

[Event "*** SCC Grand Prix: Titled Tuesday Blitz"]
[Site "Chess.com"]
[Date "2020.07.21"]
[Round "3"]
[White "bratkoo"]
[Black "rugbyclub"]
[Result "1-0"]
[WhiteElo "2474"]
[BlackElo "2123"]
[TimeControl "180+1"]
[EndTime "10:23:07 PDT"]
[Termination "bratkoo won by checkmate"]

1. e4 c5 2. Nf3 e6 3. Nc3 a6 4. d4 cxd4 5. Nxd4 b5 6. a4 b4 7. Nce2 Bb7 8. Ng3 Qb6 9. a5 Qc7 10. Bd3 Nf6 11. O-O Nc6 12. Nb3 Be7 13. f4 d6 14. Be3 O-O 15. Nh5 Nxh5 16. Qxh5 g6 17. Qh3 Rfe8 18. f5 exf5 19. exf5 Ne5 20. Bd4 Nxd3 21. fxg6 fxg6 22. Qe6# 1-0

[Event "*** SCC Grand Prix: Titled Tuesday Blitz"]
[Site "Chess.com"]
[Date "2020.07.21"]
[Round "3"]
[White "BulletMercenary"]
[Black "Jbd735"]
[Result "0-1"]
[WhiteElo "2118"]
[BlackElo "2470"]
[TimeControl "180+1"]
[EndTime "10:23:10 PDT"]
[Termination "Jbd735 won by resignation"]

1. e4 e5 2. Nf3 Nc6 3. Bc4 Nf6 4. d4 exd4 5. e5 d5 6. O-O dxc4 7. exf6 Qxf6 8.
Re1+ Be6 9. Ng5 O-O-O 10. Nxe6 fxe6 11. Qe2 d3 12. cxd3 cxd3 13. Qxe6+ Qxe6 14. Rxe6 Nd4 0-1

[Event "*** SCC Grand Prix: Titled Tuesday Blitz"]
[Site "Chess.com"]
[Date "2020.07.21"]
[Round "3"]
[White "ManuDavid2910"]
[Black "LyonBeast"]
[Result "1/2-1/2"]
[WhiteElo "2692"]
[BlackElo "3006"]
[TimeControl "180+1"]
[EndTime "10:23:22 PDT"]
[Termination "Game drawn by repetition"]

1. e4 e5 2. Nf3 Nc6 3. Bc4 Bc5 4. O-O Nf6 5. d4 Bxd4 6. Nxd4 Nxd4 7. f4 d6 8. fxe5 dxe5 9. Bg5 Be6 10. Na3 Qe7 11. c3 Nc6 12. Kh1 Bxc4 13. Nxc4 Qe6 14. Bxf6 Qxc4 15. Bxg7 Rg8 16. Bf6 Qxe4 17. Qd2 Rg6 18. Rae1 Qc4 19. Bxe5 Nxe5 20. Rxe5+ Kf8 21. Ref5 Re8 22.
Qd7 Re7 23. Qd8+ Re8 24. Qd7 Re7 25. Qd8+ Re8 26. Qd7 1/2-1/2

[Event "*** SCC Grand Prix: Titled Tuesday Blitz"]
[Site "Chess.com"]
[Date "2020.07.21"]
[Round "3"]
[White "nrvignesh"]
[Black "NiranjanNavalgund"]
[Result "0-1"]
[WhiteElo "2765"]
[BlackElo "2456"]
[TimeControl "180+1"]
[EndTime "10:23:29 PDT"]
[Termination "NiranjanNavalgund won by resignation"]

1. e4 e5 2. Nf3 Nc6 3. Bc4 Nf6 4. d3 d6 5. O-O h6 6. d4 Bg4 7. dxe5 Nxe5 8. Be2 Qd7 9. Nxe5 dxe5 10. Qxd7+ Bxd7 11. Bd3 Bc5 12. Nd2 O-O-O 13. a4 Bc6 14. Nb3 Be7 15.
f3 b6 16. a5 Kb8 17. Be3 Bd7 18. axb6 cxb6 19. Ra2 Be6 20. Kf2 Bxb3 0-1

[Event "*** SCC Grand Prix: Titled Tuesday Blitz"]
[Site "Chess.com"]
[Date "2020.07.21"]
[Round "3"]
[White "Nf3c5"]
[Black "dpopadic"]
[Result "0-1"]
[WhiteElo "2573"]
[BlackElo "2381"]
[TimeControl "180+1"]
[EndTime "10:23:36 PDT"]
[Termination "dpopadic won by resignation"]

1. d4 Nf6 2. Bf4 g6 3. Nc3 Bg7 4. e4 d6 5. Qd2 O-O 6. O-O-O c6 7. Nf3 Bg4 8. Bh6 Nbd7 9. h4 e5 10. Bxg7 Kxg7 11. h5 Bxf3 12. gxf3 Qe7 13. hxg6 fxg6 14. Qh6+ Kg8 15. Bc4+ Kh8 16. Qxg6 exd4 17. Rxd4 Ne5 18. Be2 Nxg6 0-1

[Event "*** SCC Grand Prix: Titled Tuesday Blitz"]
[Site "Chess.com"]
[Date "2020.07.21"]
[Round "3"]
[White "Alopekos"]
[Black "SidArun"]
[Result "1-0"]
[WhiteElo "2345"]
[BlackElo "2247"]
[TimeControl "180+1"]
[EndTime "10:23:38 PDT"]
[Termination "Alopekos won by resignation"]

1. e4 c6 2. d4 d5 3. Nd2 dxe4 4. Nxe4 Bf5 5. Ng3 Bg6 6. h4 h6 7. Nf3 Nd7 8. h5 Bh7 9. Bd3 Bxd3 10. Qxd3 e6 11.
Bd2 Ngf6 12. O-O-O Be7 13. Kb1 O-O 14. Qe2 a5 15. Ne5 a4 16. a3 b5 17. Nxc6 Qe8 18. Nxe7+ Qxe7 19. Bb4 Qd8 20. Bxf8 Qxf8 21. Ne4 Nd5 22.
Qxb5 Rb8 23. Qxd7 1-0

[Event "*** SCC Grand Prix: Titled Tuesday Blitz"]
[Site "Chess.com"]
[Date "2020.07.21"]
[Round "3"]
[White "DaggiGretarsson"]
[Black "jaskol95"]
[Result "1-0"]
[WhiteElo "2615"]
[BlackElo "2396"]
[TimeControl "180+1"]
[EndTime "10:23:43 PDT"]
[Termination "DaggiGretarsson won by resignation"]

1. d4 Nf6 2. c4 g6 3. Nc3 d5 4.
Bf4 Bg7 5. e3 c5 6. dxc5 Na6 7.
cxd5 Nxc5 8. Bb5+ Bd7 9. Bxd7+ Qxd7 10. Nf3 O-O 11. Ne5 Qf5 12. O-O Rfd8 13. Qf3 Nfe4 14. Nxe4 Nxe4 15. g4 Qc8 16. Qxe4 1-0

[Event "*** SCC Grand Prix: Titled Tuesday Blitz"]
[Site "Chess.com"]
[Date "2020.07.21"]
[Round "3"]
[White "BeanScreen"]
[Black "Ze-Pequeno"]
[Result "1-0"]
[WhiteElo "2687"]
[BlackElo "2241"]
[TimeControl "180+1"]
[EndTime "10:23:48 PDT"]
[Termination "BeanScreen won by resignation"]

1. e4 c5 2. Nf3 d6 3. d4 cxd4 4. Nxd4 Nf6 5. Nc3 a6 6. Be3 e6 7. f3 b5 8. Qd2 Bb7 9. g4 h6 10. O-O-O Nbd7 11. h4 Nb6 12. Bh3 Nc4 13. Qd3 Nd7 14.
g5 Nc5 15. Qe2 Nxe3 16. Qxe3 b4 17. Nce2 g6 18. h5 hxg5 19. hxg6 Bg7 20. gxf7+ Kxf7 21. f4 Bxe4 22. Nxe6 1-0

[Event "*** SCC Grand Prix: Titled Tuesday Blitz"]
[Site "Chess.com"]
[Date "2020.07.21"]
[Round "3"]
[White "Zarinur"]
[Black "northridgehawk"]
[Result "0-1"]
[WhiteElo "2102"]
[BlackElo "2335"]
[TimeControl "180+1"]
[EndTime "10:23:58 PDT"]
[Termination "northridgehawk won by resignation"]

1. e4 e5 2. Nf3 Nc6 3. Nc3 Nf6 4. Bb5 Nd4 5. Bc4 Nxf3+ 6. Qxf3 d6 7. d3 Be7 8. Bg5 c6 9. O-O O-O 10. Rad1 Be6 11.
Bb3 a5 12. d4 Qc7 13. Bxf6 Bxf6 14. d5 Bc8 15. Qh3 Bxh3 0-1

[Event "*** SCC Grand Prix: Titled Tuesday Blitz"]
[Site "Chess.com"]
[Date "2020.07.21"]
[Round "3"]
[White "Twitch_ElhamBlitz05"]
[Black "nikitakhoroshev"]
[Result "1/2-1/2"]
[WhiteElo "2807"]
[BlackElo "2540"]
[TimeControl "180+1"]
[EndTime "10:24:03 PDT"]
[Termination "Game drawn by agreement"]

1. e4 e6 2. d4 d5 3. Nc3 Nc6 4. Nf3 Nf6 5. Bg5 Be7 6. e5 Ne4 7. Bxe7 Qxe7 8. a3 Nxc3 9. bxc3 Na5 10. Bd3 c5 11. O-O c4 12. Be2 Bd7 13. Nd2 O-O-O 14. f4 f5 15. exf6 gxf6 16. Bg4 Rdg8 17. Qe2 Qd6 18.
Rae1 Re8 19. Qe3 Nc6 20. a4 h5 21. Bh3 Kc7 22. Rb1 b6 23. Ra1 1/2-1/2

[Event "*** SCC Grand Prix: Titled Tuesday Blitz"]
[Site "Chess.com"]
[Date "2020.07.21"]
[Round "3"]
[White "mjray79"]
[Black "RoelandPruijssers"]
[Result "0-1"]
[WhiteElo "2346"]
[BlackElo "2574"]
[TimeControl "180+1"]
[EndTime "10:24:05 PDT"]
[Termination "RoelandPruijssers won by resignation"]

1. d4 f5 2. Nc3 Nf6 3. Bg5 d5 4.
Bxf6 exf6 5. e3 Be6 6. Qf3 Nc6 7. a3 Qd7 8. Bd3 h5 9. Nge2 O-O-O 10. Nf4 Bf7 11.
Qh3 Ne7 12. O-O-O g5 13. Nfe2 Be6 14. g3 f4 15. Qg2 Bh3 16. Qf3 Bg4 17. Qg2 f3 18. Qg1 fxe2 19. Nxe2 Bf3 0-1

[Event "*** SCC Grand Prix: Titled Tuesday Blitz"]
[Site "Chess.com"]
[Date "2020.07.21"]
[Round "3"]
[White "Supernotar"]
[Black "JesseKraai"]
[Result "1/2-1/2"]
[WhiteElo "2743"]
[BlackElo "2519"]
[TimeControl "180+1"]
[EndTime "10:24:07 PDT"]
[Termination "Game drawn by agreement"]

1. d4 d6 2. c4 e5 3. Nc3 exd4 4. Qxd4 Nc6 5. Qd2 g6 6. b3 Bg7 7. Bb2 Nf6 8. g3 O-O 9. Bg2 Re8 10. Nh3 Ne5 11.
Nf4 c6 12. h4 Qe7 13. O-O Bg4 14. Rad1 Rad8 15. Rfe1 Nh5 16. Nxh5 Bxh5 17. Ne4 d5 18. cxd5 Rxd5 19. Qc2 Rxd1 20. Rxd1 Bg4 21. Rd2 Bf5 22.
Qd1 Bxe4 23. Bxe4 Ng4 24. Bxg7 Kxg7 25. Bf3 Ne5 26. Bg2 Qc5 27. e3 Re7 28. Rd4 a5 29. Qd2 1/2-1/2

[Event "*** SCC Grand Prix: Titled Tuesday Blitz"]
[Site "Chess.com"]
[Date "2020.07.21"]
[Round "3"]
[White "natelleka"]
[Black "RitvarsReimanis"]
[Result "0-1"]
[WhiteElo "2134"]
[BlackElo "2480"]
[TimeControl "180+1"]
[EndTime "10:24:31 PDT"]
[Termination "RitvarsReimanis won by resignation"]

1. d4 Nf6 2. Bf4 e6 3. e3 d5 4.
Nf3 Bd6 5. Bg3 c5 6. c3 Qc7 7.
dxc5 Qxc5 8. Nbd2 Nbd7 9. Bd3 O-O 10. O-O e5 11. e4 dxe4 12. Nxe4 Nxe4 13. Bxe4 Nf6 14.
Bc2 Bg4 15. Re1 Rfe8 16. Bh4 e4 17. Bg5 exf3 18. Bxf6 gxf6 19. Qd3 f5 20. Rad1 Rxe1+ 21. Rxe1 fxg2 22. h3 Bh5 23. Qxf5 Qxf5 24. Bxf5 Bf3 0-1

[Event "*** SCC Grand Prix: Titled Tuesday Blitz"]
[Site "Chess.com"]
[Date "2020.07.21"]
[Round "3"]
[White "VladimirBugayev"]
[Black "MIJUAREZ"]
[Result "0-1"]
[WhiteElo "2148"]
[BlackElo "2383"]
[TimeControl "180+1"]
[EndTime "10:24:31 PDT"]
[Termination "MIJUAREZ won by resignation"]

1. e4 c5 2. a3 e6 3. b4 b6 4. c3 d5 5. e5 Nc6 6. d4 f6 7. b5 Na5 8. f4 fxe5 9. dxe5 g6 10. Nf3 Bg7 11. h4 Ne7 12. h5 O-O 13. Bd3 Nf5 14.
g4 Ng3 15. Rh3 Ne4 16. h6 Bh8 17. Bxe4 dxe4 18. Qxd8 Rxd8 19. Nfd2 g5 20. Nxe4 Nb3 21. Bb2 Nxa1 22. Bxa1 gxf4 23. Nf6+ Bxf6 24. exf6 e5 25. c4 Kf7 26. Bxe5 Re8 0-1

[Event "*** SCC Grand Prix: Titled Tuesday Blitz"]
[Site "Chess.com"]
[Date "2020.07.21"]
[Round "3"]
[White "iaraldinho"]
[Black "INDIAN-ELEPHANT"]
[Result "1-0"]
[WhiteElo "2526"]
[BlackElo "2730"]
[TimeControl "180+1"]
[EndTime "10:24:34 PDT"]
[Termination "iaraldinho won by resignation"]

1. e4 e5 2. Nf3 Nc6 3. d4 exd4 4. Bc4 Nf6 5. O-O Nxe4 6. Re1 d5 7. Bxd5 Qxd5 8. Nc3 Qd7 9. Rxe4+ Be7 10. Nxd4 f5 11.
Rf4 O-O 12. Nxc6 Qxc6 13. Qd5+ Qxd5 14. Nxd5 Bd6 15. Rd4 Be6 16. Bf4 Rad8 17. Rad1 Bxf4 18. Nxf4 Rxd4 19. Rxd4 Bc8 20. h4 c6 21. c4 Kf7 22. c5 Ke7 23. Rd3 Rd8 24. Rg3 g6 25.
h5 Rd4 26. hxg6 Rxf4 27. gxh7 Rh4 28. Rh3 1-0

[Event "*** SCC Grand Prix: Titled Tuesday Blitz"]
[Site "Chess.com"]
[Date "2020.07.21"]
[Round "3"]
[White "TargetA"]
[Black "KyrgyzFighter"]
[Result "1-0"]
[WhiteElo "2548"]
[BlackElo "2307"]
[TimeControl "180+1"]
[EndTime "10:24:39 PDT"]
[Termination "TargetA won by resignation"]

1. e4 e6 2. d4 d5 3. Nc3 Nf6 4. e5 Nfd7 5. f4 c5 6. Nf3 Nc6 7. Ne2 cxd4 8. Nexd4 Qb6 9. c3 Bc5 10. Be2 O-O 11. O-O f6 12. exf6 Nxf6 13. Kh1 Ne4 14. Qd3 e5 15. fxe5 Bg4 16. Be3 Kh8 17. b4 Bxf3 18.
bxc5 Nxc5 19. Nxf3 Nxd3 20. Bxb6 Nf4 21. Bc5 1-0